 Dungeon Crawl Stone Soup version 0.27-a0-1066-g29160eaed2 (webtiles) character file.

Game seed: 13829919182151247892

2 Hodglim the Chopper (level 1, -3/20 HPs)
             Began as a Hill Orc Monk on Apr 24, 2021.
             Slain by a gnoll
             ... wielding a +0 whip
              (8 damage)
             ... on level 1 of the Dungeon.
             The game lasted 00:00:52 (367 turns).

Hodglim the Chopper (Hill Orc Monk)                  Turns: 367, Time: 00:00:52

Health: -3/20      AC:  2    Str: 13    XL:     1   Next: 40%
Magic:  1/1        EV: 12    Int: 10    God:
Gold:   10         SH:  0    Dex: 13    Spells: 0/0 levels left

rFire    . . .     SeeInvis .   a - +0 hand axe
rCold    . . .     Faith    .   (no shield)
rNeg     . . .     Spirit   .   b - +0 robe
rPois    .         Reflect  .   (no helmet)
rElec    .         Harm     .   (no cloak)
rCorr    .         Rampage  .   (no gloves)
Will     .....                  (no boots)
Stlth    ++........             (no amulet)
HPRegen  0.06/turn              (no ring)
MPRegen  0.07/turn              (no ring)

@: no status effects
A: no striking features
a: no special abilities


You were on level 1 of the Dungeon.
You visited 1 branch of the dungeon, and saw 1 of its levels.

You collected 10 gold pieces.

Inventory:

Hand Weapons
 a - a +0 hand axe (weapon)
Missiles
 d - 2 stones (quivered)
Armour
 b - a +0 robe (worn)
Potions
 c - a potion of attraction {unknown}


   Skills:
 + Level 3.6 Fighting
 + Level 4.1 Axes
 + Level 0.2 Armour
 + Level 2.4 Dodging
 - Level 1.5 Stealth


You couldn't memorise any spells.
You didn't know any spells.
Your spell library was empty.

Dungeon Overview and Level Annotations

Branches:
Dungeon (1/15)

Altars:


Message History

Found a stone staircase leading down.
A jackal comes into view.
A jackal comes into view.
A hobgoblin and a dart slug come into view.
The hobgoblin shouts!
A gnoll comes into view. It is wielding a +0 whip.
The gnoll shouts!
A jackal comes into view.
The jackal moves out of view.
The dart slug launches a dart at you. The slug dart hits you.
You open the door.
There is an open door here.
Throw: 5 stones
Press: ? - help, Q - select action Shift-Dir - straight line, f - hobgoblin
Aim: a hobgoblin (57% to hit)
You throw a stone. The stone closely misses the hobgoblin.
Throw: 4 stones
Press: ? - help, Q - select action Shift-Dir - straight line, f - gnoll
Aim: a gnoll, wielding a +0 whip (61% to hit)
You throw a stone.
The stone hits the gnoll but does no damage.
There is an open door here.
Throw: 3 stones
Press: ? - help, Q - select action Shift-Dir - straight line, f/p - gnoll
Aim: a gnoll, wielding a +0 whip (61% to hit)
You throw a stone. The stone hits the gnoll.
The gnoll is lightly wounded.
You hit the gnoll but do no damage.
The gnoll is lightly wounded.
The gnoll hits you with a +0 whip!
* * * LOW HITPOINT WARNING * * *
You hit the gnoll.
The gnoll is heavily wounded.
The gnoll hits you with a +0 whip.
* * * LOW HITPOINT WARNING * * *
You barely miss the gnoll.
The gnoll is heavily wounded.
The gnoll hits you with a +0 whip!
You die...

##..................
#.............#..#.
##.............##..####
#.......###......#....#
####......##.##...........
#..).#....#...#...........
#.#####..g'g<('w..........
#.# ##.g#...#....(#.####
#.# #.@##.##.....#.....
#.# #...###....####....
#.## #..........# ##....
#..# #..........# #...#g
##.#####..........# #...##
#..†.#..###.#.........##
####...####.####..##..#
#.........# #..##.##
#.........# #..#..h


You could see a gnoll and a hobgoblin.

Vanquished Creatures
  An endoplasm (D:1)
  A ball python (D:1)
  A kobold (D:1)
3 creatures vanquished.

Notes
Turn   | Place    | Note
-------+----------+-------------------------------------------
     0 | D:1      | Hodglim the Hill Orc Monk began the quest for the Orb.
     0 | D:1      | Reached XP level 1. HP: 19/19 MP: 1/1
   367 | D:1      | Slain by a gnoll

Illustrated notes

Levels and vault maps discovered:
D:1:      dpeg_arrival_shelter, layout_rooms,
          ebering_ecumenical_altar_abandoned, corexii_item_surrounded_by_moat,
          hangedman_decor_growths, minmay_unequal

Action                   || total
-------------------------++-------
Melee: Hand axe          ||    13
Throw: Stone             ||     3
Armor: Robe              ||     2
Dodge: Dodged            ||     4

Table legend: (Time is in decaauts)
 A = Elapsed time spent in this place.
 B = Non-inter-level travel time spent in this place.
 C = Inter-level travel time spent in this place.
 D = Time resting spent in this place.
 E = Time spent auto-exploring this place.
 F = Levels seen in this place.
 G = Mean time per level.
                   A        B        C        D        E       F      G
               +--------+--------+--------+--------+--------+-----+--------+
         Total |    368 |    368 |      0 |    264 |     42 |   1 |  368.0 |
       Dungeon |    368 |    368 |      0 |    264 |     42 |   1 |  368.0 |
               +--------+--------+--------+--------+--------+-----+--------+

Top non-repeatable levels by time:
     D:1: 368 daAuts
